[Event "Late-Titled-Tuesday-Blitz-September-12-2023"]
[Site "Chess.com"]
[Date "2023.09.12"]
[Round "8"]
[White "zverr1"]
[Black "RaphaeI"]
[Result "1-0"]
[WhiteElo "2506"]
[BlackElo "2594"]
[TimeControl "180+1"]
[EndTime "15:23:20 PDT"]
[Termination "zverr1 won by checkmate"]

1. d4 d5 2. c4 e6 3. Nf3 Nf6 4. g3 dxc4 5. Bg2 c6 6. O-O b5 7. Ne5 Bb7 8. a4 a6 9. b3 cxb3 10. Qxb3 Qxd4 11. Bb2 Qb4 12. Qc2 Qc5 13. Qd3 Nd5 14.
Nd2 f6 15. Ng4 Be7 16. e4 Nb4 17. Qb3 Qc2 18. Qxe6 Qxb2 19. e5 Qxd2 20. Rfd1 Qg5 21. axb5 f5 22. bxc6 N4xc6 23. Bxc6+ Nxc6 24. Qd7+ Kf7 25. Qxb7 fxg4 26. e6+ Kg6 27. Qxc6 Rhd8 28. Rd7 Rxd7 29.
exd7+ Qf6 30. Rc1 Rd8 31. Qe4+ Qf5 32. Qxe7 Rxd7 33. Rc6+ Kh5 34. Qh4# 1-0

[Event "Late-Titled-Tuesday-Blitz-September-12-2023"]
[Site "Chess.com"]
[Date "2023.09.12"]
[Round "8"]
[White "KorolDimitriy75"]
[Black "APOKALIPSA13"]
[Result "1-0"]
[WhiteElo "2368"]
[BlackElo "2253"]
[TimeControl "180+1"]
[EndTime "15:23:22 PDT"]
[Termination "KorolDimitriy75 won by checkmate"]

1. d4 e5 2. dxe5 Nc6 3. Nf3 Qe7 4. Nc3 Nxe5 5. Nd5 Nxf3+ 6. gxf3 Qd8 7. Bf4 d6 8. Qd2 Be6 9. e4 c6 10. Nc3 Qb6 11.
O-O-O O-O-O 12. Rg1 f6 13. Kb1 Nh6 14. Bd3 Nf7 15.
Be3 Qa5 16. f4 d5 17. f5 d4 18. fxe6 dxc3 19. Qxc3 Qxc3 20. bxc3 Ne5 21. Bxa7 c5 22. Bb5 Rxd1+ 23. Rxd1 Kc7 24. f4 Ng6 25. Rd7+ Kc8 26. Bb6 Be7 27. f5 Bd8 28. Bxd8 Rxd8 29. fxg6 hxg6 30.
e7 Re8 31. Rxb7 Rh8 32. Ra7 Kb8 33. Rd7 Kc8 34. a4 Kb8 35. a5 Rc8 36. Rd8 Kc7 37.
Rxc8+ Kb7 38. e8=Q Ka7 39. Qc6 f5 40. Ra8# 1-0

[Event "Late-Titled-Tuesday-Blitz-September-12-2023"]
[Site "Chess.com"]
[Date "2023.09.12"]
[Round "8"]
[White "kaanadayhamle"]
[Black "BigAl"]
[Result "0-1"]
[WhiteElo "2423"]
[BlackElo "2549"]
[TimeControl "180+1"]
[EndTime "15:23:28 PDT"]
[Termination "BigAl won by resignation"]

1. Nf3 Nf6 2. g3 g6 3. Bg2 Bg7 4. O-O O-O 5. c4 d6 6. Nc3 e5 7. d4 Nbd7 8. dxe5 dxe5 9. Bg5 h6 10. Bxf6 Qxf6 11. Nd5 Qd8 12. Qc2 c6 13. Nc3 f5 14.
Rad1 Qe7 15. e3 e4 16. Nd4 Ne5 17. b3 Kh7 18. Nce2 Bd7 19. h4 g5 20. hxg5 hxg5 21. Nc3 Kh8 22. Qe2 g4 23. Rfe1 Rf6 24. Kf1 Nf3 25.
Rd2 Rh6 26. Red1 Nxd2+ 27. Qxd2 Be6 28. Nxe6 Qxe6 29. Ne2 Be5 30. Qb4 Rh7 31. Qd2 Rg8 32. Nf4 Bxf4 33. exf4 Re7 34. Qd4+ Kh7 35. Ke2 Kg6 36.
Qc5 Rd7 37. Rh1 Qf6 38. Qa3 Rgd8 39. Qc1 Rd2+ 40. Qxd2 Rxd2+ 41. Kxd2 Qb2+ 42. Ke3 0-1

[Event "Late-Titled-Tuesday-Blitz-September-12-2023"]
[Site "Chess.com"]
[Date "2023.09.12"]
[Round "8"]
[White "MathiasWomacka"]
[Black "chessdjw"]
[Result "1-0"]
[WhiteElo "2542"]
[BlackElo "2718"]
[TimeControl "180+1"]
[EndTime "15:23:30 PDT"]
[Termination "MathiasWomacka won on time"]

1. e4 e5 2. Nf3 Nc6 3. Bb5 a6 4.
Bxc6 dxc6 5. O-O Qf6 6. d4 exd4 7. Bg5 Qd6 8. Nxd4 Bd7 9. Nc3 Ne7 10. Bh4 O-O-O 11. Bg3 Qg6 12. Qd2 c5 13. Qf4 Qb6 14.
Nde2 h5 15. h4 f6 16. Rad1 g5 17. hxg5 h4 18. Bh2 fxg5 19. Qxg5 h3 20. Nf4 hxg2 21.
Rfe1 Qh6 22. Qxh6 Bxh6 23. Nfd5 Nxd5 24. Nxd5 Bc6 25. Ne7+ Kb8 26. Nxc6+ bxc6 27. Rxd8+ Rxd8 28. Kxg2 Rd2 29. e5 Bf8 30. e6 Be7 31. Be5 Rxc2 32.
Kg3 Kb7 33. f4 Rd2 34. f5 Rd5 35. Kf4 c4 36. f6 Bc5 37. e7 1-0

[Event "Late-Titled-Tuesday-Blitz-September-12-2023"]
[Site "Chess.com"]
[Date "2023.09.12"]
[Round "8"]
[White "MusicCityMaster"]
[Black "ChEsper99"]
[Result "1-0"]
[WhiteElo "2365"]
[BlackElo "2232"]
[TimeControl "180+1"]
[EndTime "15:23:31 PDT"]
[Termination "MusicCityMaster won on time"]

1. e4 c5 2. Nf3 d6 3. d4 cxd4 4. Nxd4 Nf6 5. Nc3 a6 6. Bc4 e6 7. Bb3 Be7 8. Qe2 O-O 9. g4 Nfd7 10.
Be3 Nc5 11. O-O-O Nxb3+ 12. axb3 Qc7 13. Kb1 b5 14. Nf5 exf5 15. Nd5 Qb7 16. exf5 Re8 17.
Qf3 Nd7 18. g5 Bf8 19. Rhg1 Ne5 20. Qh3 Qd7 21. Nb6 Qc6 22. Nd5 Qd7 23. Nb6 Qc6 24. Nxa8 Qxa8 25. Rg3 Qe4 26. f3 Qxf5 27. Qxf5 Bxf5 28.
f4 Nd7 29. Bd4 Be7 30. h4 Kf8 31. h5 f6 32. h6 g6 33. gxf6 Bxf6 34. Rc3 Bxd4 35.
Rxd4 Re6 36. Rc8+ Ke7 37. Rh8 Nf8 38. Rg8 Rf6 39. Rg7+ Rf7 40. Rxd6 Kxd6 41. Rxf7 Ne6 42. Rxh7 Nxf4 43. Rd7+ Kxd7 44. h7 Ke6 45. h8=Q 1-0

[Event "Late-Titled-Tuesday-Blitz-September-12-2023"]
[Site "Chess.com"]
[Date "2023.09.12"]
[Round "8"]
[White "traack"]
[Black "Bodhanas"]
[Result "1-0"]
[WhiteElo "2357"]
[BlackElo "1879"]
[TimeControl "180+1"]
[EndTime "15:23:32 PDT"]
[Termination "traack won on time"]

1. e4 b6 2. d4 Bb7 3. Nc3 e6 4. f3 Bb4 5. Be3 Ne7 6. Qd2 d5 7. e5 Nd7 8. a3 Bxc3 9. bxc3 Rc8 10.
f4 c5 11. Nf3 Nf5 12. Bd3 Nxe3 13. Qxe3 Qe7 14. O-O O-O 15. Rae1 cxd4 16. cxd4 Rfe8 17. f5 exf5 18. Bxf5 Rc7 19. Ng5 Nf8 20. Nxf7 Bc8 21. Bxc8 Rexc8 22. Nd6 Rc3 23. Nxc8 Rxc8 24. Qf3 Qd7 25.
Qb3 Ne6 26. c3 Qc6 27. Rf3 Qc4 28. Qb4 Qxb4 29. axb4 h6 30. Ra1 Rc7 31. Kf1 Ng5 32. Re3 Ne4 33. Ra3 Kf7 34. Ke2 Ke6 35. b5 h5 36. g3 g6 37. h4 Kf5 38. Rf3+ Kg4 39.
Re3 Nxg3+ 40. Rxg3+ Kxg3 41. c4+ Kf4 42. cxd5 Ke4 43. d6 Rd7 44. Re3+ Kxd4 45. e6 Rxd6 46. e7 1-0

[Event "Late-Titled-Tuesday-Blitz-September-12-2023"]
[Site "Chess.com"]
[Date "2023.09.12"]
[Round "8"]
[White "Oleksandr_Bortnyk"]
[Black "ckgchess"]
[Result "1-0"]
[WhiteElo "3011"]
[BlackElo "2893"]
[TimeControl "180+1"]
[EndTime "15:23:33 PDT"]
[Termination "Oleksandr_Bortnyk won by resignation"]

1. e4 e5 2. Nf3 Nf6 3. Nxe5 d5 4. exd5 Qxd5 5. d4 Nc6 6. Nxc6 Qxc6 7. c4 Bb4+ 8. Nc3 O-O 9. Be3 Re8 10. Qb3 a5 11.
O-O-O Ng4 12. Nd5 Bf8 13. Qb5 Qxb5 14. cxb5 Be6 15. Nxc7 Rac8 16. b6 Bxa2 17. Bb5 Re6 18. Bd7 Rxb6 19. Bxc8 Nxe3 20. fxe3 Rc6+ 21. Kd2 Rxc7 22.
Bf5 g6 23. Bd3 Bd5 24. e4 Bb3 25. Ra1 a4 26. Ke2 Rd7 27. d5 f5 28. exf5 Rxd5 29. Rhc1 Re5+ 30. Kf1 Kg7 31. Rc7+ Kh6 32. fxg6 hxg6 33.
Rxb7 Bc5 34. Rc1 Bd4 35. Rc6 Be6 36. Rb4 Bc5 37. Rxa4 Bd7 38. Rxg6+ Kh5 39. g4+ Kh4 40.
Rh6+ Kg5 41. Rh5+ Kf6 42. Rf4+ Ke6 43. Bc4+ Kd6 44. Rf6+ 1-0

[Event "Late-Titled-Tuesday-Blitz-September-12-2023"]
[Site "Chess.com"]
[Date "2023.09.12"]
[Round "8"]
[White "The_Straightforward_Rook"]
[Black "FredyMatsuura"]
[Result "0-1"]
[WhiteElo "2529"]
[BlackElo "2365"]
[TimeControl "180+1"]
[EndTime "15:23:33 PDT"]
[Termination "FredyMatsuura won by resignation"]

1. d4 e6 2. c4 f5 3. Nc3 Nf6 4. e3 b6 5. Bd3 Bb7 6. f3 Be7 7. Nh3 O-O 8. O-O Qe8 9. e4 Nh5 10. exf5 exf5 11. Re1 Qf7 12. d5 Na6 13. Be3 Nc5 14.
Bc2 a5 15. Kh1 Rae8 16. Qd2 f4 17. Bf2 d6 18. a3 Bc8 19. Ng1 Nd7 20. Ne4 Ne5 21.
Bd4 Bh4 22. Nf2 Bf5 23. Bxe5 dxe5 24. Bxf5 Qxf5 25. Ngh3 Nf6 26. Re2 g5 27. Ne4 g4 28.
Nhf2 gxf3 29. gxf3 Qh5 30. Rg1+ Kh8 31. Nxf6 Qxf3+ 32.
Rg2 Rxf6 33. Qd3 Qxd3 34. Nxd3 f3 35. Rxe5 fxg2+ 36. Kxg2 Rxe5 37. Nxe5 Rf4 38. b4 Kg7 39. c5 axb4 40. axb4 Rxb4 41. d6 cxd6 42. c6 Rb2+ 43. Kh3 Bf6 44. Nc4 Rc2 45. Nxd6 Rxc6 46. Nf5+ Kg6 47.
Kg4 Rc4+ 48. Kf3 Kxf5 0-1

[Event "Late-Titled-Tuesday-Blitz-September-12-2023"]
[Site "Chess.com"]
[Date "2023.09.12"]
[Round "8"]
[White "RIPOL"]
[Black "PepeCuenca"]
[Result "1-0"]
[WhiteElo "2476"]
[BlackElo "2716"]
[TimeControl "180+1"]
[EndTime "15:23:33 PDT"]
[Termination "RIPOL won on time"]

1. d4 d6 2. e4 Nf6 3. Nc3 e5 4. Nge2 Be7 5. g3 O-O 6. Bg2 c6 7. a4 a5 8. O-O Na6 9. h3 Nb4 10. Be3 exd4 11. Bxd4 d5 12. e5 Ne8 13. f4 f6 14. exf6 Bxf6 15. Qd2 Nd6 16. b3 Nf5 17. Bxf6 Qxf6 18. Rad1 Bd7 19. g4 Nh4 20. Nd4 Rae8 21. f5 h6 22. Nce2 c5 23. c3 Nxg2 24. Kxg2 Na6 25. Nf3 Bc6 26. Kg3 Nc7 27. Nf4 Qd6 28.
Rfe1 b6 29. Rxe8 Rxe8 30. Re1 Rxe1 31. Qxe1 d4 32. cxd4 cxd4 33. Qe5 Qxe5 34. Nxe5 Be4 35. Nd7 Na8 36. Ne6 Bc2 37. Nxd4 Bd1 38. Kf4 Kf7 39. Ke5 Ke7 40. Nb8 1-0

[Event "Late-Titled-Tuesday-Blitz-September-12-2023"]
[Site "Chess.com"]
[Date "2023.09.12"]
[Round "8"]
[White "Chessdreamer2020"]
[Black "Qvalda"]
[Result "0-1"]
[WhiteElo "2509"]
[BlackElo "2367"]
[TimeControl "180+1"]
[EndTime "15:23:33 PDT"]
[Termination "Qvalda won on time"]

1. e4 e6 2. b3 d5 3. Bb2 Nc6 4.
Nc3 d4 5. Nce2 e5 6. f4 Bc5 7.
Nf3 Bg4 8. f5 g6 9. Ng3 gxf5 10.
exf5 Nf6 11. h3 Bxf3 12. Qxf3 Qe7 13. Ne4 Nxe4 14. Qxe4 O-O-O 15. O-O-O Ba3 16. g4 Qc5 17. Bc4 Qa5 18. b4 Qxb4 19. Bb3 a5 20. Bxa3 Qxa3+ 21. Kb1 a4 22. Bxf7 Rd6 23. Qd3 Qc5 24. Ka1 Nb4 25.
Qc4 Nxc2+ 26. Kb2 Qa3+ 27. Kxc2 Rc6 28. Be6+ Kb8 29. Qxc6 bxc6 30. Rb1+ Ka7 31. Rb2 d3+ 32.
Kb1 Rb8 33. Rxb8 Kxb8 34. Ka1 Ka7 35. Rb1 Qc5 36. f6 Qd4+ 37. Rb2 a3 0-1

[Event "Late-Titled-Tuesday-Blitz-September-12-2023"]
[Site "Chess.com"]
[Date "2023.09.12"]
[Round "8"]
[White "Sinquefield"]
[Black "Nekoo04"]
[Result "1-0"]
[WhiteElo "2446"]
[BlackElo "2281"]
[TimeControl "180+1"]
[EndTime "15:23:33 PDT"]
[Termination "Sinquefield won on time"]

1. b3 e5 2. Bb2 d6 3. e3 Nf6 4. c4 Nbd7 5. Nc3 g6 6. g3 Bg7 7. Bg2 O-O 8. Nge2 Re8 9. O-O c6 10. Qc2 Nf8 11. Rad1 Bf5 12. e4 Bd7 13. d4 exd4 14.
Nxd4 Bg4 15. f3 Bc8 16. Rfe1 Qb6 17. Kh1 Qc7 18. Ba3 a6 19. Nde2 c5 20. Bb2 Ne6 21. Nd5 Nxd5 22. cxd5 Bxb2 23. Qxb2 Ng7 24. Rc1 f5 25. b4 b6 26. Nf4 Bd7 27. bxc5 bxc5 28. Nd3 fxe4 29. fxe4 Bb5 30. Nf4 Re5 31. a4 Bxa4 32.
Nd3 Re7 33. e5 Bb5 34. Nxc5 dxc5 35. d6 Qd7 36. Bxa8 Re6 37. Bd5 Bc6 38. Rxc5 1-0

[Event "Late-Titled-Tuesday-Blitz-September-12-2023"]
[Site "Chess.com"]
[Date "2023.09.12"]
[Round "8"]
[White "tactic"]
[Black "SEBAZZANO"]
[Result "1-0"]
[WhiteElo "2600"]
[BlackElo "2202"]
[TimeControl "180+1"]
[EndTime "15:23:33 PDT"]
[Termination "tactic won on time"]

1. e4 e6 2. d4 d5 3. Nd2 dxe4 4.
Nxe4 Bd7 5. Nf3 Bc6 6. Bd3 Bxe4 7. Bxe4 c6 8. Bg5 Nf6 9. O-O Nbd7 10. c3 Qc7 11.
Bc2 Bd6 12. Qe2 O-O 13. a4 Bf4 14. Bxf4 Qxf4 15. a5 a6 16. Ra4 Qc7 17. Qd3 Rad8 18. Ng5 g6 19. Qf3 h6 20. Nh3 Kg7 21. Nf4 Nd5 22.
Nxd5 cxd5 23. Rb4 Rb8 24. Ra1 b6 25. axb6 Rxb6 26. Rxb6 Qxb6 27. b4 Rc8 28. Qd3 Qb5 29. Ra3 Qxd3 30. Bxd3 Nb8 31. Kf1 f5 32. Bxa6 Nxa6 33.
Rxa6 Rxc3 34. Rxe6 Rc4 35. b5 Rxd4 36. Rd6 1-0

[Event "Late-Titled-Tuesday-Blitz-September-12-2023"]
[Site "Chess.com"]
[Date "2023.09.12"]
[Round "8"]
[White "farzadbfd"]
[Black "Michalczak"]
[Result "1/2-1/2"]
[WhiteElo "2701"]
[BlackElo "2521"]
[TimeControl "180+1"]
[EndTime "15:23:34 PDT"]
[Termination "Game drawn by repetition"]

1. d4 Nf6 2. Nf3 d5 3. c4 e6 4. Nc3 Nbd7 5. Bg5 c6 6. e3 Qa5 7. Qc2 Bb4 8. Nd2 O-O 9. Be2 e5 10. dxe5 Ne4 11. Ndxe4 dxe4 12. O-O Bxc3 13. bxc3 Nxe5 14.
Qxe4 Re8 15. Qh4 Ng6 16. Qg3 Qxc3 17. h4 Qe5 18. Qxe5 Nxe5 19. Bf4 f6 20. Rfd1 Be6 21.
c5 Rad8 22. a4 Kf7 23. Kf1 Bc4 24. Bxe5 Bxe2+ 25. Kxe2 Rxd1 26. Rxd1 Rxe5 27. Rd7+ Re7 28. Rxe7+ Kxe7 29. a5 Ke6 30. e4 f5 31. Ke3 Ke5 32.
f4+ Ke6 33. Kd4 g6 34. g3 h5 35. e5 Ke7 36. Kc3 Ke6 37. Kc4 Ke7 38. a6 bxa6 39. Kb4 Ke6 40. Ka5 Kd5 41. Kxa6 Kxc5 42. Kxa7 Kd5 43. Kb6 c5 44. e6 Kxe6 45. Kxc5 Ke7 46. Kc6 Ke6 47. Kc5 Ke7 48. Kc6 Ke6 49. Kc7 Ke7 50. Kc6 1/2-1/2

[Event "Late-Titled-Tuesday-Blitz-September-12-2023"]
[Site "Chess.com"]
[Date "2023.09.12"]
[Round "8"]
[White "Al_Shima"]
[Black "zajka-molotok"]
[Result "0-1"]
[WhiteElo "2342"]
[BlackElo "2498"]
[TimeControl "180+1"]
[EndTime "15:23:34 PDT"]
[Termination "zajka-molotok won by resignation"]

1. b3 Nf6 2. Bb2 d5 3. e3 g6 4. c4 e6 5. Nf3 Bg7 6. Be2 O-O 7. O-O b6 8. d4 Bb7 9. Nbd2 Nbd7 10.
Rc1 c5 11. dxc5 Nxc5 12. cxd5 Nxd5 13. Bxg7 Kxg7 14. Qc2 Rc8 15. Qb2+ Qf6 16. Qxf6+ Kxf6 17. Rc2 Ke7 18. Rfc1 Nb4 19. Rb2 Nbd3 20. Bxd3 Nxd3 21. Rxc8 Rxc8 22. Rb1 Rc2 23. a3 Bxf3 24. Nxf3 Nxf2 25. Nd4 Ra2 26. Nc6+ Kd7 27. Nxa7 Ng4 28. Rd1+ Ke8 29. Nc6 Rxg2+ 30. Kxg2 Nxe3+ 31. Kf3 Nxd1 32. a4 f6 33. b4 Kd7 34. Nd4 Nc3 35. a5 bxa5 36. bxa5 e5 37.
Nb3 Kc6 38. h4 Kb5 39. h5 Na4 40. h6 Nc5 41. Nd2 Kxa5 42. Nc4+ Kb4 43. Nd6 Ne6 44.
Ne8 Ng5+ 45. Kg4 Ne4 46. Kf3 f5 47. Nc7 Kc5 48. Ne6+ Kd6 49. Nf8 Nf6 50. Kg3 Ke7 51. Nxg6+ hxg6 0-1

[Event "Late-Titled-Tuesday-Blitz-September-12-2023"]
[Site "Chess.com"]
[Date "2023.09.12"]
[Round "8"]
[White "Orest_Vovk"]
[Black "Mikhal867"]
[Result "0-1"]
[WhiteElo "2579"]
[BlackElo "2463"]
[TimeControl "180+1"]
[EndTime "15:23:35 PDT"]
[Termination "Mikhal867 won by checkmate"]

1. g4 c5 2. Bg2 Nc6 3. h3 d5 4. c4 d4 5. Bxc6+ bxc6 6. d3 h5 7.
Qa4 hxg4 8. hxg4 Rxh1 9. Qxc6+ Qd7 10. Qxh1 Bb7 11. Qh4 e5 12. Nd2 Be7 13. g5 f5 14.
gxf6 Nxf6 15. Ngf3 Qf5 16. Qg5 Qh3 17. Qxe5 Qh1+ 18. Nf1 Bxf3 19. exf3 Qxf3 20. Qe2 Qh1 21. Bf4 Kf7 22. O-O-O Re8 23. Ng3 Qg2 24. Qd2 Bf8 25.
Bg5 Qf3 26. Bxf6 gxf6 27. Rh1 Bd6 28. Rh7+ Kg8 29. Rh4 Kf7 30. Qd1 Bf4+ 31. Kc2 Qxf2+ 32. Kb1 Bxg3 33. Rh7+ Ke6 34. Qg4+ Qf5 35. Qg7 Qxd3+ 36. Kc1 Bf4# 0-1

[Event "Late-Titled-Tuesday-Blitz-September-12-2023"]
[Site "Chess.com"]
[Date "2023.09.12"]
[Round "8"]
[White "DeTimmerman"]
[Black "K_A_S_T_O_R"]
[Result "0-1"]
[WhiteElo "2636"]
[BlackElo "2934"]
[TimeControl "180+1"]
[EndTime "15:23:38 PDT"]
[Termination "K_A_S_T_O_R won by resignation"]

1. b4 d5 2. Bb2 Bg4 3. Nf3 Bxf3 4. exf3 Nf6 5. c4 c6 6. a4 e6 7. b5 a5 8. Be2 Bb4 9. O-O O-O 10.
d4 dxc4 11. Bxc4 Nbd7 12. Nd2 Nb6 13. Bd3 Bxd2 14. Qxd2 Nbd5 15. g3 Qd7 16. f4 Rfc8 17.
Rac1 cxb5 18. Bxb5 Qd8 19. Rxc8 Rxc8 20. Rc1 b6 21. Ba3 Ne4 22. Qe1 Nec3 23. Qf1 g6 24.
Bb2 Nxb5 25. Qxb5 Rxc1+ 26. Bxc1 Qc8 27. Be3 h5 28. Kg2 Qc2 29. Kf3 Nc3 30. Qe8+ Kg7 31. Kg2 Qxa4 32. Qd8 Qc6+ 33. Kg1 Nd5 34. f5 exf5 35.
Bh6+ Kxh6 36. Qh8+ Kg5 37. h4+ Kg4 38. Qe5 Qe6 39. Qh8 f4 40. Qh6 Qf6 41. Qf8 fxg3 42. Qc8+ Qf5 0-1

[Event "Late-Titled-Tuesday-Blitz-September-12-2023"]
[Site "Chess.com"]
[Date "2023.09.12"]
[Round "8"]
[White "bascheyaro"]
[Black "Alex_Banzea"]
[Result "1/2-1/2"]
[WhiteElo "2829"]
[BlackElo "2671"]
[TimeControl "180+1"]
[EndTime "15:23:39 PDT"]
[Termination "Game drawn - insufficient material"]

1. d4 d5 2. Nf3 Nf6 3. c4 e6 4.
Nc3 a6 5. cxd5 exd5 6. Bg5 Be6 7.
e3 Nbd7 8. Bd3 Bd6 9. Rc1 c6 10.
h3 h6 11. Bh4 Qc7 12. Bxf6 Nxf6 13. a3 O-O 14. Qc2 Rfe8 15. O-O Qd7 16. Ne2 Bxh3 17. gxh3 Qxh3 18. Ng3 Bxg3 19. fxg3 Qxg3+ 20. Qg2 Qxg2+ 21. Kxg2 Rxe3 22. Ne5 Ng4 23. Rce1 Rxe1 24. Rxe1 Nxe5 25. Rxe5 Kf8 26. Bf5 a5 27. Re3 g6 28. Bh3 Re8 29.
Rxe8+ Kxe8 30. Bc8 b6 31. Kf3 Kd8 32. Bh3 Kc7 33. Kf4 Kd6 34. b4 axb4 35. axb4 c5 36. bxc5+ bxc5 37. dxc5+ Kxc5 38. Ke5 d4 39. Bf1 h5 40. Kf6 h4 41. Kxf7 g5 42. Kg6 g4 43.
Kg5 h3 44. Kxg4 h2 45. Bg2 d3 46. Kf3 Kd4 47. Kf2 Kc3 48. Bf3 Kd2 49. Kg2 Ke3 50. Bh5 d2 51. Kxh2 d1=Q 52. Bxd1 1/2-1/2

[Event "Late-Titled-Tuesday-Blitz-September-12-2023"]
[Site "Chess.com"]
[Date "2023.09.12"]
[Round "8"]
[White "Zhigalko_Sergei"]
[Black "ahkashefi2800"]
[Result "1-0"]
[WhiteElo "2875"]
[BlackElo "2618"]
[TimeControl "180+1"]
[EndTime "15:23:43 PDT"]
[Termination "Zhigalko_Sergei won on time"]

1. e4 c6 2. d4 d5 3. e5 Bf5 4. Nf3 e6 5. Be2 Ne7 6. O-O Nd7 7. Nbd2 h6 8. Nb3 g5 9. Ne1 Rc8 10. Nd3 Bg7 11. f4 gxf4 12. Nxf4 c5 13. Nh5 Kf8 14. Nxg7 Kxg7 15. Nxc5 Nxc5 16. dxc5 Rxc5 17.
c3 Ng6 18. Be3 Rc7 19. Bxa7 Qg5 20. Rf3 h5 21. Be3 Qe7 22. Qd2 Be4 23. Rf2 Kg8 24. Bg5 Qc5 25. Bf6 Rh7 26. Rf1 h4 27. h3 Kf8 28.
Kh2 Ke8 29. Bg5 Rd7 30. a4 d4 31. Bb5 Bc6 32. cxd4 Rxd4 33. Qc3 Qxe5+ 34. Kh1 Rd5 35. Bxc6+ bxc6 36. Qxc6+ Kf8 37. Qc8+ Kg7 38. Bf6+ 1-0

[Event "Late-Titled-Tuesday-Blitz-September-12-2023"]
[Site "Chess.com"]
[Date "2023.09.12"]
[Round "8"]
[White "AsaHoffmann"]
[Black "NovikovaGalina"]
[Result "0-1"]
[WhiteElo "2330"]
[BlackElo "2426"]
[TimeControl "180+1"]
[EndTime "15:23:43 PDT"]
[Termination "NovikovaGalina won on time"]

1. d4 e5 2. Nf3 e4 3. Nfd2 d5 4.
Nb3 Bd6 5. c4 c6 6. Nc3 Nf6 7.
Bg5 h6 8. Bxf6 Qxf6 9. cxd5 e3 10.
fxe3 Qh4+ 11. Kd2 O-O 12. dxc6 Nxc6 13. Qe1 Qg5 14. Qf2 Bf5 15. Rd1 Rac8 16. h4 Qg6 17. Rc1 Rfd8 18. h5 Qg5 19. Qh4 Be7 20. Qxg5 Bxg5 21. d5 Nb4 22. g4 Nxd5 23. gxf5 Nxc3+ 24. Ke1 Nxa2 25. Rxc8 Rxc8 26. Kf2 Rc2 27. Bg2 Rxb2 28. Nd4 Nb4 29. Rd1 b6 30. Nc6 Nxc6 31. Bxc6 a5 32. Rd7 Kf8 33. Bd5 a4 34. Rxf7+ Ke8 35. Ra7 b5 36. e4 Rb4 37. e5 Rf4+ 38. Kg3 Rxf5 39. Bc6+ Kd8 40. e6 Re5 41. Rd7+ Kc8 42. Bd5 Re3+ 43.
Kf2 a3 0-1

[Event "Late-Titled-Tuesday-Blitz-September-12-2023"]
[Site "Chess.com"]
[Date "2023.09.12"]
[Round "8"]
[White "BillieKimbah"]
[Black "Mops_2004"]
[Result "1-0"]
[WhiteElo "3017"]
[BlackElo "2717"]
[TimeControl "180+1"]
[EndTime "15:23:46 PDT"]
[Termination "BillieKimbah won by resignation"]

1. d4 g6 2. e4 Bg7 3. Nc3 d6 4. Be3 a6 5. Bd3 b5 6. a4 b4 7. Nce2 Nd7 8. Nf3 Bb7 9. c3 c5 10. O-O Ngf6 11. Ng3 O-O 12. cxb4 Ng4 13. bxc5 dxc5 14.
d5 Nxe3 15. fxe3 Rb8 16. Rb1 Ne5 17. Nxe5 Bxe5 18. b3 Qd6 19. Rf3 Bc8 20. Be2 Bg4 21. Rf2 Bxe2 22. Qxe2 Bxg3 23. hxg3 Qxg3 24. Rf3 Qe5 25.
Rf4 Rb4 26. Qc2 Rfb8 27. Rbf1 f6 28. Qxc5 Rxe4 29. Rxe4 Qxe4 30. Rf4 Qe5 31. b4 Rd8 32. d6 Qxd6 33. Rd4 Qb8 34. Qxe7 Rxd4 35. exd4 Qf4 36.
Qd8+ Kg7 37. Qd7+ Kh6 38. Qh3+ Kg5 39. Qc3 Qe4 40. Kf2 h5 41. Qe3+ Kf5 42. Qxe4+ Kxe4 43. b5 axb5 44. a5 Kd5 45. a6 Kc6 46. d5+ Kb6 47. d6 1-0

[Event "Late-Titled-Tuesday-Blitz-September-12-2023"]
[Site "Chess.com"]
[Date "2023.09.12"]
[Round "8"]
[White "Fandorine"]
[Black "ameetghasi100"]
[Result "1-0"]
[WhiteElo "2905"]
[BlackElo "2693"]
[TimeControl "180+1"]
[EndTime "15:23:46 PDT"]
[Termination "Fandorine won on time"]

1. e4 g6 2. d4 Bg7 3. Nc3 d6 4. Be3 a6 5. h4 h6 6. Qd2 b5 7. f3 Bb7 8. O-O-O Nd7 9. Nh3 Nb6 10.
Re1 e6 11. Kb1 b4 12. Nd1 a5 13. Ndf2 Ne7 14. g4 d5 15. Bb5+ Bc6 16. Be2 Nc4 17.
Bxc4 dxc4 18. Ka1 Qd7 19. Rhf1 h5 20. gxh5 Rxh5 21. c3 Rb5 22. Ng4 Rab8 23. Bg5 bxc3 24. bxc3 Ng8 25. Rb1 Ba8 26. Rxb5 Qxb5 27. Qc2 c5 28. Be3 cxd4 29. Bxd4 Bxd4 30. cxd4 c3 31. Rb1 Qxb1+ 32. Qxb1 Rxb1+ 33. Kxb1 f5 34. Ngf2 Nf6 35. Ng5 Ke7 36. Kc2 fxe4 37. fxe4 e5 38. Kxc3 exd4+ 39. Kxd4 Bc6 40. a3 Nd7 41. Nd3 Bb5 42. Nf4 Nf8 43.
e5 Bd7 44. Nd5+ Kd8 45. Kc5 Bf5 46. Kd6 Be4 47. Nxe4 1-0

[Event "Late-Titled-Tuesday-Blitz-September-12-2023"]
[Site "Chess.com"]
[Date "2023.09.12"]
[Round "8"]
[White "ural58"]
[Black "Taran2004"]
[Result "1-0"]
[WhiteElo "2545"]
[BlackElo "2420"]
[TimeControl "180+1"]
[EndTime "15:23:50 PDT"]
[Termination "ural58 won by resignation"]

1. e4 c6 2. Nc3 d5 3. Nf3 dxe4 4. Nxe4 Nf6 5. Qe2 Nxe4 6. Qxe4 Qd5 7. Qf4 e6 8. Bc4 Qd6 9. Qe3 Nd7 10. O-O Nf6 11. d4 Be7 12. Bd3 O-O 13. c4 b6 14. b3 Bb7 15. Bb2 c5 16. dxc5 Qxc5 17. Qxc5 Bxc5 18.
Ne5 Rfd8 19. Rad1 Rd6 20. Be2 Rad8 21. Rxd6 Rxd6 22. Nd3 Bd4 23. Ba3 Rd8 24. c5 Ba6 25. cxb6 Bxb6 26. Nf4 Bxe2 27. Nxe2 Rd2 28. Nc3 Rc2 29.
Na4 Rxa2 30. Bb2 Nd5 31. Ra1 Rxa1+ 32. Bxa1 f6 33. Kf1 Kf7 34. Ke2 Ke7 35. Bb2 Kd7 36.
Bc1 Kc6 37. g4 Bd4 38. Bd2 Kb5 39. f4 Nb6 40. Nc3+ Bxc3 41. Bxc3 Nd5 42. Bd2 a5 43.
Kd3 g6 44. h4 f5 45. gxf5 exf5 46. Kd4 Nf6 47. Ke5 Ne4 48. Be1 Nc5 49. Kf6 Nxb3 50. Kg7 a4 51. Bc3 Nc5 52. Kxh7 Ne4 53. Ba1 Kc4 54. Kxg6 Ng3 55. h5 Nxh5 56. Kxh5 Kd5 57.
Kg5 Ke4 58. Bb2 a3 59. Bxa3 1-0

[Event "Late-Titled-Tuesday-Blitz-September-12-2023"]
[Site "Chess.com"]
[Date "2023.09.12"]
[Round "8"]
[White "TigrVShlyape"]
[Black "Ali_rastbod"]
[Result "1/2-1/2"]
[WhiteElo "2954"]
[BlackElo "2719"]
[TimeControl "180+1"]
[EndTime "15:23:53 PDT"]
[Termination "Game drawn - insufficient material"]

1. d4 d5 2. Bf4 c5 3. e3 cxd4 4. exd4 Nc6 5. c3 Bf5 6. Nd2 e6 7. Ngf3 f6 8. h4 Bd6 9. Bxd6 Qxd6 10. Be2 Nge7 11. h5 e5 12. dxe5 fxe5 13. Nc4 Qf6 14. Ne3 Be6 15. Qa4 O-O 16. Qh4 h6 17. Qxf6 gxf6 18.
Rd1 f5 19. Bb5 f4 20. Nc2 Bg4 21. Be2 Rad8 22. Nh4 Bxe2 23. Kxe2 Kh7 24. Rd2 Rg8 25. Kf1 e4 26. Nd4 Nxd4 27. Rxd4 b5 28. Ke2 Nc6 29.
Rdd1 d4 30. cxd4 Nxd4+ 31. Kf1 e3 32. fxe3 fxe3 33. Re1 Rdf8+ 34. Kg1 e2 35. Rh3 Rg4 36. Ng6 Rf5 37. Re3 Rxh5 38. Nf8+ Kg8 39. Ne6 Nxe6 40. Rxe6 b4 41. R1xe2 Rg7 42. Re8+ Kh7 43. R8e7 a5 44.
Rxg7+ Kxg7 45. Kf2 Rc5 46. Kf3 Kf6 47. Kf4 Rf5+ 48. Kg3 h5 49. Rc2 Rb5 50. Rc6+ Kg5 51.
b3 h4+ 52. Kh3 Rd5 53. g3 hxg3 54. Kxg3 Rd3+ 55. Kf2 Rd2+ 56. Ke3 Rxa2 57. Kd3 Rb2 58.
Rc5+ Kf6 59. Rxa5 Rxb3+ 60. Kc4 Re3 61. Kxb4 Re4+ 62. Kc5 Re5+ 63. Kb6 Rxa5 64. Kxa5 1/2-1/2

[Event "Late-Titled-Tuesday-Blitz-September-12-2023"]
[Site "Chess.com"]
[Date "2023.09.12"]
[Round "8"]
[White "YellowJacek"]
[Black "PawnEatingZombie"]
[Result "1-0"]
[WhiteElo "2303"]
[BlackElo "2184"]
[TimeControl "180+1"]
[EndTime "15:23:54 PDT"]
[Termination "YellowJacek won by checkmate"]

1. e4 Nf6 2. e5 Nd5 3. d4 d6 4.
Nf3 dxe5 5. Nxe5 c6 6. Bc4 Bf5 7. c3 Nd7 8. Nf3 e6 9. O-O Be7 10. Re1 O-O 11. Nbd2 h6 12. Ne4 N7f6 13. Ng3 Bh7 14.
Ne5 Rc8 15. Qe2 b5 16. Bb3 a6 17.
a4 Qb6 18. axb5 axb5 19. Bd2 Bd6 20. Nd3 c5 21. Nxc5 Bxc5 22. dxc5 Qxc5 23. Qf3 b4 24. cxb4 Nxb4 25. Bxh6 Nd3 26. Red1 Qxf2+ 27. Qxf2 Nxf2 28. Kxf2 gxh6 29. Rd2 Rb8 30. Bc4 h5 31. h4 Rfd8 32.
Rxd8+ Rxd8 33. Ke3 Kg7 34. b4 Rb8 35. b5 Bg6 36. Ra2 Nd7 37. Rb2 Nb6 38. Kd4 Rc8 39.
Bf1 Kf6 40. Ne2 e5+ 41. Ke3 Ke6 42. Ng3 f5 43. Kf2 f4 44. Ne2 Kf5 45. Rb3 e4 46. Nc3 e3+ 47. Kg1 Kg4 48. Rb4 Kg3 49. Ne2+ Kg4 50.
Rxf4# 1-0